Map: Ephemeron LE

Players

MadLife

  • Race: Zerg Zerg
  • League: Master
  • Spawn Location: 11:00

Mez - Winner!

  • Race: Terran Terran
  • League: Master
  • Spawn Location: 5:00

VOD

Have the link to the VOD?

Description

Time

  • Played on: Aug. 21, 2019, 8:57 p.m.
  • Length: 13:54
Show
View Real Time Build Order
Export as new Build Order

MadLife Zerg 

Build Orders: Hatch First, Muta Ling Bane 

Get SALT Encoding   

  12  0:03  Drone  
  13  0:16  Overlord  
  13  0:18  Drone  
  14  0:34  Drone  
  14  0:35  Drone  
  16  0:49  Hatchery  
  15  0:52  Drone  
  15  0:56  Drone  
  17  1:00  Drone  
  18  1:12  Extractor  
  18  1:15  Spawning Pool  
  16  1:18  Drone  
  16  1:22  Drone  
  18  1:32  Drone  
  19  1:43  Overlord  
  19  1:53  Drone  
  20  2:02  Queen x2  
  20  2:04  Zergling x2  
  20  2:05  Zergling x2  
  26  2:25  Extractor  
  25  2:40  Drone x5  
  25  2:41  Drone  
  30  2:45  Queen, Metabolic Boost  
  31  2:54  Drone x2  
  33  3:06  Overlord  
  33  3:12  Drone  
  34  3:13  Queen  
  34  3:16  Hatchery  
  34  3:18  Drone  
  36  3:23  Overlord  
  36  3:28  Drone x2  
  36  3:29  Drone x2  
  41  3:34  Drone  
  41  3:39  Drone  
  42  3:45  Drone  
  43  3:50  Drone  
  43  3:54  Queen  
  46  3:56  Lair  
  46  4:00  Drone  
  48  4:02  Drone  
  48  4:03  Drone x2  
  48  4:06  Drone  
  51  4:16  Drone  
  52  4:20  Overlord  
  52  4:30  Extractor  
  51  4:31  Extractor  
  51  4:32  Baneling Nest  
  51  4:33  Evolution Chamber  
  51  4:34  Queen  
  51  4:35  Overlord  
  51  4:36  Evolution Chamber  
  49  4:39  Drone x3  
  49  4:40  Drone x3  
  49  4:41  Drone  
  49  4:42  Queen  
  58  5:04  Zerg Melee Weapons Level 1  
  58  5:10  Overlord x2  
  46  5:32  Drone x5  
  46  5:33  Drone x2  
  46  5:34  Drone  
  54  5:40  Drone  
  54  5:41  Drone x6  
  54  5:42  Drone x2  
  59  5:46  Drone x4  
  59  5:47  Drone  
  64  5:54  Drone x2  
  64  5:56  Drone  
  67  5:59  Spore Crawler  
  67  6:01  Spore Crawler  
  67  6:02  Spore Crawler  
  64  6:06  Spire, Drone x2  
  64  6:07  Drone  
  66  6:15  Drone x4  
  70  6:20  Drone  
  70  6:24  Drone x3  
  74  6:31  Centrifical Hooks, Zerg Ground Armor Level 1  
  74  6:33  Overlord x3, Extractor  
  74  6:37  Extractor  
  74  6:38  Extractor  
  71  6:43  Zergling x6  
  65  7:02  Drone x7  
  65  7:03  Drone x3  
  67  7:17  Drone x6  
  67  7:18  Drone x3  
  76  7:36  Drone  
  76  7:41  Zergling x12  
  82  7:53  Zerg Melee Weapons Level 2, Zerg Flyer Weapons Level 1  
  82  7:54  Zergling x2  
  82  7:55  Zergling x14  
  90  8:01  Hatchery  
  89  8:08  Overlord x4  
  89  8:12  Infestation Pit  
  88  8:15  Baneling x8  
  88  8:17  Zergling x16  
  88  8:19  Baneling x5  
  88  8:28  Zergling x8  
  84  8:35  Zergling x2  
  84  8:36  Zergling x6  
  84  8:47  Baneling x7  
  84  8:48  Zergling x2, Baneling x3  
  81  8:49  Zergling x16  
  81  8:54  Queen, Hive  
  92  9:05  Zergling x10  
  87  9:23  Mutalisk  
  89  9:24  Mutalisk x9  
  107  9:31  Mutalisk x4  
  108  9:40  Zergling x8  
  111  9:46  Baneling x10  
  111  9:55  Drone x3  
  111  9:57  Zergling x2  
  111  9:58  Zergling x2  
  111  9:59  Zergling x2  
  116  10:10  Zergling x8  
  116  10:12  Overlord x2, Hatchery  
  119  10:15  Adrenal Glands  
  119  10:18  Baneling x5  
  119  10:19  Baneling x2  
  119  10:27  Zerg Melee Weapons Level 3  
  119  10:35  Zergling x18  
  115  10:48  Zergling x14  
  118  10:59  Zergling x10  
  108  11:13  Zergling x6  
  111  11:21  Baneling x7  
  111  11:22  Baneling x6  
  111  11:24  Zerg Flyer Weapons Level 2  
  111  11:25  Zerg Ground Armor Level 2  
  111  11:31  Mutalisk x3  
  113  11:39  Zergling x16  
  121  11:53  Hatchery  
  120  11:58  Drone  
  120  11:59  Drone x10  
  131  12:11  Burrow  
  131  12:12  Pneumatized Carapace  
  131  12:16  Overlord x2  
  131  12:17  Overlord  
  119  12:41  Zergling x30  
  119  12:42  Zergling x10  
  110  12:51  Drone x2  
  110  12:58  Zergling x4  
  112  13:02  Baneling x14  
  112  13:03  Baneling x2  
  112  13:04  Baneling  
  112  13:05  Baneling  
  105  13:06  Zergling x8  
  105  13:08  Zergling x2  
  109  13:16  Zergling x8  
Show
View Real Time Build Order
Export as new Build Order

Mez Terran - Winner!

Build Orders: Reaper Expand 

Get SALT Encoding   

  12  0:00  SCV  
  13  0:13  SCV  
  14  0:17  Supply Depot  
  14  0:25  SCV  
  15  0:38  SCV  
  15  0:41  Barracks  
  16  0:45  Refinery  
  16  0:50  SCV  
  17  1:03  SCV  
  18  1:15  SCV  
  19  1:28  Reaper  
  19  1:29  Orbital Command  
  20  1:42  Command Center  
  20  1:50  Supply Depot  
  20  1:55  SCV  
  20  2:00  Marine  
  22  2:11  SCV  
  22  2:14  Factory  
  23  2:19  Refinery  
  23  2:23  Engineering Bay  
  23  2:27  Barracks Reactor  
  22  2:44  SCV  
  23  2:56  SCV, Orbital Command  
  24  3:01  Starport  
  24  3:08  SCV  
  24  3:11  Barracks Tech Lab  
  24  3:12  Supply Depot  
  25  3:16  Hellion  
  25  3:18  Hellion  
  29  3:20  SCV  
  30  3:33  Marine, SCV x2  
  33  3:35  Supply Depot  
  33  3:39  Viking  
  35  3:43  Hellion  
  35  3:46  Hellion  
  39  3:51  SCV x2  
  41  4:01  Supply Depot  
  41  4:03  SCV x2  
  41  4:06  Hellion  
  44  4:20  Starport Reactor  
  44  4:21  Marine, Stimpack  
  45  4:28  Barracks  
  45  4:32  SCV x2  
  45  4:34  Supply Depot  
  45  4:36  Barracks  
  45  4:37  Factory Reactor  
  49  4:45  Marauder  
  49  4:50  SCV x2  
  49  4:51  Supply Depot  
  51  4:58  Supply Depot  
  51  5:04  Medivac x2  
  51  5:06  Marine  
  51  5:07  SCV x2  
  58  5:19  SCV x2  
  56  5:31  SCV x2  
  52  5:43  SCV x2  
  52  5:47  Marine x2, Engineering Bay  
  52  5:48  Marine x2  
  52  5:49  Barracks  
  58  5:50  Engineering Bay  
  58  5:51  Barracks  
  58  5:52  Command Center  
  58  5:55  SCV x2  
  60  5:59  Refinery  
  60  6:01  Refinery, Factory Reactor  
  60  6:02  Factory Tech Lab  
  60  6:06  Combat Shield  
  60  6:07  SCV x2  
  62  6:14  Marine x5  
  62  6:18  Terran Infantry Armor Level 1  
  67  6:28  SCV x2  
  67  6:32  Marine x4  
  72  6:36  Marine, Supply Depot  
  72  6:38  Supply Depot  
  72  6:39  Barracks Reactor  
  74  6:40  SCV, Barracks Reactor  
  69  7:04  Marine x5  
  69  7:05  Siege Tank  
  69  7:06  Medivac x2  
  69  7:07  SCV x2  
  82  7:12  Supply Depot  
  82  7:14  Terran Infantry Weapons Level 1  
  75  7:16  Supply Depot  
  75  7:17  Marine x4  
  75  7:19  SCV  
  75  7:22  Marine  
  81  7:30  Marine  
  81  7:31  Marine x3  
  81  7:33  SCV x2  
  81  7:35  Marine x3  
  81  7:36  Medivac x2  
  92  7:37  Siege Tank  
  92  7:38  Marine  
  92  7:40  Orbital Command  
  96  7:45  SCV x2  
  96  7:49  Armory  
  96  7:50  Marine  
  96  7:51  Marine x4  
  103  7:53  Marine x2  
  105  8:03  SCV x2  
  105  8:05  Marine x2, Supply Depot  
  109  8:06  Supply Depot  
  109  8:08  Marine  
  109  8:12  SCV  
  111  8:15  SCV x2  
  111  8:35  Marine  
  111  8:36  Marine x8, Siege Tank  
  111  8:37  Medivac x2  
  111  8:39  Terran Infantry Armor Level 2  
  119  8:45  Factory  
  108  8:53  Marine x3  
  108  8:54  Marine x3  
  108  8:55  Refinery  
  114  8:57  Refinery  
  114  8:59  Command Center, Supply Depot  
  114  9:01  Supply Depot  
  114  9:02  Marine x2  
  116  9:05  SCV x2  
  116  9:06  SCV  
  116  9:08  Supply Depot  
  112  9:17  SCV  
  112  9:20  Marine x8  
  112  9:21  Siege Tank, Medivac x2  
  112  9:23  SCV x2  
  127  9:29  SCV  
  128  9:38  Marine  
  128  9:39  Marine x6  
  128  9:41  Factory Tech Lab  
  135  9:48  Terran Infantry Weapons Level 2  
  135  9:50  Barracks  
  135  9:52  Barracks  
  135  9:54  Barracks  
  135  10:20  Marine  
  135  10:21  Marine x8, Siege Tank  
  142  10:22  Siege Tank, Medivac x2  
  149  10:38  Marine x4  
  149  10:39  Marine x4  
  122  10:51  Marine  
  122  10:55  Thor x2  
  122  10:56  Marine x6  
  136  11:11  Marine x3  
  132  11:14  Marine x2  
  132  11:16  Medivac x2  
  138  11:29  Planetary Fortress  
  138  11:33  SCV  
  138  11:38  Missile Turret  
  139  11:41  Missile Turret  
  139  11:43  Thor  
  139  11:45  Marine, Siege Tank  
  139  11:46  Marine x3  
  152  11:50  SCV  
  152  11:51  SCV  
  154  12:01  SCV  
  155  12:02  SCV  
  155  12:03  SCV  
  157  12:13  Marine x4, SCV  
  157  12:14  Marine x3  
  163  12:41  Marine  
  163  12:42  Marine x6  
  139  12:45  Marine  
  139  12:46  Marine  
  139  12:47  Thor x2  
  139  12:49  Marine, Barracks Reactor  
  139  12:50  Marine  
  139  12:51  SCV x3  
  155  12:59  Marine x3  
  155  13:00  Marine x4  
  155  13:03  Marine x2, SCV x3  
  160  13:07  Marine, Refinery  
  160  13:08  Marine, Refinery  
  162  13:15  SCV x3  
  162  13:19  Marine x7  
  169  13:21  Marine x2  
  169  13:25  Marine  
  170  13:27  SCV x2  
Tags
 
Add a new tag
Caveats
  • Supply blocks, unpowered buildings, or Contaminate may cause inaccurate times.
  • Supply counts are checked every 10 seconds.